AoeStats
← Edeko Queen of the Huns

Black Forest

503424150Analyzed
2v2 RM · 1mo ago on Aug 31, 2026· 51m 27s· 4 players
Game mode
Random Map
Map size
Medium (4 player)
Population
200
Speed
Normal
Resources
Standard
Victory
Conquest
Starting age
Dark Age
Ending age
Imperial Age
RankedLock teamsTeams togetherTeam positionsShared explorationLock speedFull tech treeHidden civsTurbo modeCheats
Victory
Defeat
🇦🇷 Cumans · Argentina
974
+16
🇺🇸 Dravidians · United States
970
+16
🇸🇦 Spanish · Saudi Arabia
989
-47
🇮🇪 Poles · Ireland
961
-15
Edeko Queen of the Huns
5:54 Loom
12:11 Feudal Age
16:41 Castle Age
15:07 Horse Collar
15:17 Double-Bit Axe
16:04 Gold Mining
17:53 Bow Saw
23:31 Wheelbarrow
24:58 Heavy Plow
26:15 Stone Mining
26:29 Fletching
27:24 Hand Cart
28:10 Treadmill Crane
29:58 Padded Archer Armor
32:41 Imperial Age
30:47 Bodkin Arrow
30:29 Elite Skirmisher
33:25 Ballistics
33:44 Bracer
33:56 Szlachta Privileges
35:03 Crop Rotation
35:09 Forging
35:05 Scale Barding Armor
36:04 Chemistry
35:00 Murder Holes
35:16 Masonry
35:55 Siege Engineers
35:24 Cavalier
37:12 Iron Casting
36:58 Chain Barding Armor
36:36 Town Watch
37:17 Conscription
37:34 Caravan
37:55 Bloodlines
37:45 Husbandry
39:50 Blast Furnace
38:51 Scale Mail Armor
39:27 Light Cavalry
41:49 Winged Hussar
41:54 Elite Obuch
43:10 Lechitic Legacy
43:20 Thumb Ring
43:30 Pikeman
46:14 Squires
45:59 Arson
46:32 Chain Mail Armor
46:32 Leather Archer Armor
xTc
10:21 Feudal Age
10:43 Horse Collar
10:49 Double-Bit Axe
18:27 Castle Age
17:22 Gold Mining
18:03 Stone Mining
19:15 Heavy Plow
20:14 Bow Saw
32:17 Stone Shaft Mining
38:20 Wheelbarrow
46:16 Imperial Age
Gut Check
0:31 Loom
13:02 Feudal Age
13:57 Horse Collar
14:07 Double-Bit Axe
18:09 Castle Age
18:46 Wheelbarrow
17:59 Town Watch
20:29 Fletching
21:08 Bow Saw
25:13 Bodkin Arrow
25:33 Gold Mining
26:23 Heavy Plow
27:58 Caravan
29:22 Ballistics
32:28 Imperial Age
31:02 Medical Corps
31:29 Thumb Ring
31:27 Padded Archer Armor
31:36 Scale Barding Armor
31:32 Padded Archer Armor
35:53 Elite Elephant Archer
37:22 Conscription
37:36 Elite Skirmisher
38:46 Bracer
39:07 Chain Barding Armor
39:03 Leather Archer Armor
39:54 Two-Man Saw
40:47 Chemistry
39:58 Masonry
42:10 Husbandry
41:31 Light Cavalry
42:31 Elite Urumi Swordsman
43:49 Siege Elephant
50:03 Forging
Jojo
0:53 Loom
13:32 Feudal Age
15:22 Horse Collar
15:28 Double-Bit Axe
23:29 Castle Age
21:58 Town Watch
22:24 Gold Mining
23:51 Stone Mining
25:59 Fletching
28:06 Bodkin Arrow
31:11 Wheelbarrow
34:42 Imperial Age
33:48 Forging
33:56 Bow Saw
34:22 Scale Barding Armor
34:56 Masonry
35:21 Bloodlines
35:48 Iron Casting
36:16 Ballistics
36:12 Heavy Plow
37:53 Blast Furnace
38:30 Hand Cart
39:01 Elite Steppe Lancer
40:32 Chain Barding Armor
41:45 Ballistics
42:47 Plate Barding Armor
43:29 Conscription
43:42 Steppe Husbandry
Connection lost

Rejoining the realm…

Still unreachable

The connection could not be restored.

Session expired

The server has moved on; the page needs a fresh start.